 Dungeon Crawl Stone Soup version 0.31-a0-702-gf82c85558f (webtiles) character file.

Game seed: 11278901256114145631

516 DocEon the Changeling (level 7, -2/52 HPs)
             Began as a White Draconian Shapeshifter on Sept 8, 2023.
             Was an Initiate of Elyvilon.
             Killed by divine providence
             ... invoked by an orc priest
              (16 damage)
             ... on level 5 of the Dungeon.
             The game lasted 00:05:42 (4158 turns).

DocEon the Changeling (DrSh)                        Turns: 4158, Time: 00:05:42

Health: -2/52      AC:  6    Str: 16    XL:     7   Next: 0%
Magic:  7/7        EV: 17    Int: 11    God:    Elyvilon [......]
Gold:   96         SH:  0    Dex: 12    Spells: 1/6 levels left

rFire   . .          .
                       - Unarmed
rCold   + . .        (shield currently unavailable)
rNeg    . . .        (body armour unavailable)
rPois   .            (helmet restricted)
rElec   .            (no cloak)
rCorr   .            (no gloves)
SInv    .            (no boots)
Will    .....        (no amulet)
Stlth   +            g - ring of wizardry
HPRegen 0.28/turn    e - +5 ring of evasion
MPRegen 0.10/turn

%: wizardry (x1)
@: flux-form, glowing
A: glow, contaminating, breathe frost, AC +6, unfitting armour, cold resistance
1, cold-blooded
a: Breathe Frost, Begin Untransformation, Renounce Religion


You were on level 5 of the Dungeon.
You worshipped Elyvilon.
Elyvilon was noncommittal.
You were something dangerously unstable.
You visited 2 branches of the dungeon, and saw 6 of its levels.

You collected 208 gold pieces.
You spent 112 gold pieces at shops.

Inventory:

Jewellery
 d - a ring of willpower
 e - a +5 ring of evasion (right hand)
 g - a ring of wizardry (left hand)
 l - a +6 ring of dexterity
Talismans
 b - a beast talisman
 c - a flux talisman (active)
Scrolls
 h - a scroll of vulnerability
 i - a scroll of enchant weapon
Potions
 a - a potion of lignification
 f - 2 potions of curing {unknown}
 k - 2 potions of cancellation
 n - a potion of heal wounds


   Skills:
 + Level 1.4 Fighting
 + Level 1.9 Dodging
 * Level 3.2 Unarmed Combat
 + Level 0.4 Spellcasting
 + Level 0.0 Ice Magic
 * Level 7.1 Shapeshifting


You had one spell level left.
You knew the following spells:

 Your Spells              Type           Power      Damage    Failure   Level
a - Poisonous Vapours     Pois/Air       0%         N/A       21%         2
b - Frozen Ramparts       Ice            0%         1d1       38%         3

Your spell library contained the following spells:

 Spells                   Type           Power      Damage    Failure   Level
 Slow                     Hex            0%         N/A       14%         1
 Confusing Touch          Hex            0%         N/A       38%         3
 Mephitic Cloud           Conj/Pois/Air  0%         N/A       38%         3
 Sigil of Binding         Hex            0%         N/A       38%         3
 Vampiric Draining        Necr           0%         2d6       38%         3
 Petrify                  Tmut/Erth      0%         N/A       77%         4
 Freezing Cloud           Conj/Ice/Air   0%         6-21      97%         5
 Metabolic Englaciation   Hex/Ice        0%         N/A       97%         5


Dungeon Overview and Level Annotations

Branches:
Dungeon (5/15)             Temple (1/1) D:4

Altars:
Ashenzari
Cheibriados
Dithmenos
Elyvilon
Fedhas
Gozag
Hepliaklqana
Kikubaaqudgha
Makhleb
Nemelex Xobeh
Okawaru
Qazlal
Ru
Trog
Uskayaw
Vehumet
Xom
Yredelemnul
Zin
The Shining One

Shops:
D:4 !


Innate Abilities, Weirdness & Mutations

You are something dangerously unstable.
You glow with magical radiation, making you easy to see and hit.
Foes you strike become dangerously contaminated with magical radiation.
You are incapable of wielding weapons or throwing items.
You can breathe waves of freezing cold which knock back foes.
Your icy white scales are hard. (AC +6)
You cannot fit into any form of body armour.
Your flesh is cold resistant. (rC+)
You are cold-blooded and may be slowed by cold attacks.


Message History

The slug dart misses you.
Poisonous vapours surround the dart slug!
The dart slug is poisoned.
Poisonous vapours surround the dart slug!
The dart slug looks even sicker.
You kill the dart slug!
No target in view!
No target in view!
No target in view!
There is a stone staircase leading up here.
You open the large door.
There is a large open door here.
Key pressed, stopping explore.
You open the large door. 3 orcs and 2 orc priests come into view.
The orc shouts!
The orc priest shouts!
The orc shouts! x2
There is a large open door here.
There are monsters nearby!
You barely miss the orc priest.
The orc priest hits you but does no damage.
The orc priest mumbles some strange prayers to Beogh against you.
Beogh smites you!
There is a large open door here.
Okay, then.
The orc priest mumbles some strange prayers to Beogh against you.
Beogh smites you!
The orc priest mumbles some strange prayers to Beogh against you.
Pain shoots through your body! The orc attacks as it pursues you!
The orc barely misses you.
The orc priest calls down the wrath of Beogh upon you.
Beogh smites you! The orc attacks as it pursues you! The orc misses you.
The orc priest casts a cantrip, but nothing happens.
The orc closely misses you.
There is a large open door here.
The orc hits you with a +0 dagger.
* * * LOW HITPOINT WARNING * * *
The orc attacks as it pursues you! The orc closely misses you.
The orc priest mumbles some strange prayers to Beogh against you.
Beogh smites you!
You die...

....##....≈≈##.#
#..........
....##.....≈§####
##...#####.
....##...o.o≈≈#.# ##.###
#. ...####....o.≈#.#
##..### .. ..#
##....o≈#.## ##<....####.#
##
#####..'..####..##...##..#
#####..'.##.##.#####.....#
#.....§#o#....## ###...#
#......≈#.B#...## ##.(#
#......≈≈#.####..## ##...
#.....≈≈##.#
##..######....
#....≈≈##.##
#............# #...≈≈# ##
#....#.....### .§§§≈§#
###..####..## ..≈ #....#
#...### ###.## ##...>..
##.####.......


You could see 2 orc priests and 3 orcs.

Vanquished Creatures
  Duvessa (D:4)
  A black bear (D:4)
  A scorpion (D:4)
  Dowan (D:4)
  A howler monkey (D:5)
  Natasha (D:2)
  An iguana (D:4)
  4 adders
  A shadow imp (D:5)
  A worm (D:2)
  4 dart slugs
  4 orcs (D:5)
  6 endoplasms
  10 goblins
  6 hobgoblins
  11 jackals
  A quokka (D:3)
  5 ball pythons
  2 bats (D:1)
  7 kobolds
  7 rats
76 creatures vanquished.

Vanquished Creatures (others)
  A goblin (D:1)
1 creature vanquished.

Grand Total: 77 creatures vanquished

Notes
Turn   | Place    | Note
-------+----------+-------------------------------------------
     0 | D:1      | DocEon the Draconian Shapeshifter began the quest for the
                  | Orb.
     0 | D:1      | Reached XP level 1. HP: 16/16 MP: 1/1
   286 | D:1      | Reached XP level 2. HP: 23/23 MP: 2/2
   700 | D:1      | Reached skill level 4 in Shapeshifting
  1048 | D:2      | Reached XP level 3. HP: 28/28 MP: 3/3
  1212 | D:2      | Learned a level 2 spell: Poisonous Vapours
  1739 | D:2      | Noticed Natasha
  1751 | D:2      | Killed Natasha
  1752 | D:2      | Reached XP level 4. HP: 15/35 MP: 1/4
  2153 | D:3      | Found a burning altar of Makhleb.
  2154 | D:3      | Found a basalt altar of Yredelemnul.
  2257 | D:3      | Reached skill level 5 in Shapeshifting
  2454 | D:3      | Found a shimmering altar of Xom.
  2557 | D:3      | Found a faded altar of an unknown god.
  2882 | D:4      | Found Plog's Distillery.
  2889 | D:4      | Bought a potion of heal wounds for 70 gold pieces
  2889 | D:4      | Bought a potion of lignification for 42 gold pieces
  2934 | D:4      | Noticed Dowan
  2935 | D:4      | Noticed Duvessa
  2940 | D:5      | Entered Level 5 of the Dungeon
  3016 | D:4      | Reached XP level 5. HP: 40/40 MP: 0/5
  3327 | D:4      | Found a bloodstained altar of Trog.
  3347 | D:4      | Noticed a black bear
  3358 | D:4      | Killed a black bear
  3359 | D:4      | Reached skill level 6 in Shapeshifting
  3441 | D:4      | Found a staircase to the Ecumenical Temple.
  3454 | Temple   | Entered the Ecumenical Temple
  3492 | Temple   | Became a worshipper of Elyvilon the Healer
  3578 | D:4      | Killed Duvessa
  3579 | D:4      | Reached XP level 6. HP: 11/47 MP: 3/6
  3605 | D:4      | Killed Dowan
  3606 | D:4      | Reached skill level 7 in Shapeshifting
  3921 | D:5      | Your scales start taking on an icy white colour.
  3921 | D:5      | Reached XP level 7. HP: 42/52 MP: 5/7
  3921 | D:5      | Gained mutation: Your flesh is cold resistant. (rC+) [White
                  | Draconian growth]
  3940 | D:5      | Learned a level 3 spell: Frozen Ramparts
  4158 | D:5      | Killed from afar by an orc priest

Illustrated notes

Levels and vault maps discovered:
D:1:      dpeg_arrival_water_fire, layout_basic
D:2:      layout_basic, uniq_natasha
D:3:      layout_loops_ring, xom_butterflies, grunt_temple_overflow_open,
          ebering_ecumenical_altar_rust
D:4:      layout_basic, mainiacjoe_overflow_catwalk,
          minmay_temple_entry_large_hall, serial_shops, nicolae_diamond_shop,
          uniq_duvessa
D:5:      layout_layer_cave, kennysheep_cross_room, grunt_ministairs_7,
          nicolae_shop_unique_rings, sigmund_army
Temple:   eino_temple_rhombus

Skill      XL: |  1  2  3  4  5  6 |
---------------+-------------------+-----
Shapeshifting  | 4 5 6 7 |  7.1
Fighting       | |  1.4
Dodging        | |  1.9
Unarmed Combat | |  3.2
Spellcasting   | |  0.4

Action                     |  1- 3 |  4- 6 |  7- 9 || total
---------------------------+-------+-------+-------++-------
  Melee: Unarmed           |   103 |   111 |     1 ||   215
         Tailslap          |     7 |    14 |       ||    21
         Punch             |     4 |     3 |       ||     7
   Cast: Poisonous Vapours |     6 |    28 |     2 ||    36
    Use: Scroll            |     2 |     6 |       ||     8
         Potion            |       |     3 |       ||     3
   Stab: Sleeping          |       |     1 |       ||     1
 Armour: Skin              |    45 |    59 |     2 ||   106
  Dodge: Dodged            |    69 |    85 |     5 ||   159
   Form: Flux              |       |     1 |       ||     1

Table legend: (Time is in decaauts)
 A = Elapsed time spent in this place.
 B = Non-inter-level travel time spent in this place.
 C = Inter-level travel time spent in this place.
 D = Time resting spent in this place.
 E = Time spent auto-exploring this place.
 F = Levels seen in this place.
 G = Mean time per level.
                   A        B        C        D        E       F      G
               +--------+--------+--------+--------+--------+-----+--------+
         Total |   4144 |   4020 |    124 |    386 |   2951 |   6 |  690.7 |
       Dungeon |   4090 |   3997 |     93 |    386 |   2941 |   5 |  818.0 |
        Temple |     54 |     23 |     31 |      0 |     10 |   1 |   54.0 |
               +--------+--------+--------+--------+--------+-----+--------+

Top non-repeatable levels by time:
     D:2: 1015 daAuts
     D:1: 971 daAuts
     D:4: 949 daAuts
     D:3: 803 daAuts
     D:5: 350 daAuts
  Temple: 54 daAuts
